AoeStats
← 河北彩花

Nomad

508004769Analyzed
4v4 RM · 12d ago on Sep 20, 2026· 45m 58s· 8 players
Game mode
Random Map
Map size
231×231
Population
200
Speed
Normal
Resources
Standard
Victory
Conquest
Starting age
Dark Age
Ending age
Imperial Age
RankedLock teamsTeams togetherTeam positionsShared explorationLock speedFull tech treeHidden civsTurbo modeCheats
Victory
Defeat
🇦🇷 Spanish · Argentina
1441
+6
🇯🇵 Franks · Japan
1228
+12
🇻🇳 Burgundians · Vietnam
1135
+16
🇻🇳 Goths · Vietnam
760
+29
🇲🇴 Goths · Macao SAR China
1182
-17
🇫🇷 Saracens · France
1136
-15
🇹🇷 Bohemians · Türkiye
1130
-16
1122
-15
MemeManVai
5:08 Loom
13:14 Feudal Age
12:15 Double-Bit Axe
18:20 Castle Age
17:58 Stone Mining
18:27 Bow Saw
24:50 Forging
24:46 Scale Barding Armor
30:03 Horse Collar
31:22 Wheelbarrow
32:23 Two-Man Saw
32:53 Fletching
33:18 Heavy Plow
33:38 Hand Cart
34:39 Iron Casting
37:41 Imperial Age
36:25 Chain Barding Armor
36:39 Crop Rotation
36:16 Husbandry
36:47 Town Watch
39:36 Blast Furnace
39:12 Plate Barding Armor
39:08 Gold Mining
39:54 Stone Shaft Mining
39:32 Bodkin Arrow
40:48 Elite Coustillier
42:30 Conscription
43:53 Burgundian Vineyards
45:22 Bracer
wà ta shi quá Ipin des
15:38 Feudal Age
18:21 Loom
21:46 Castle Age
19:54 Double-Bit Axe
21:10 Horse Collar
21:51 Forging
21:42 Scale Mail Armor
24:34 Bow Saw
28:46 Gold Mining
30:16 Pikeman
31:22 Squires
42:55 Wheelbarrow
45:50 Stone Mining
vuhieu84
5:29 Loom
12:43 Feudal Age
20:23 Castle Age
19:23 Double-Bit Axe
20:29 Gold Mining
25:42 Fishing Lines
27:23 Gillnets
28:41 Medium Warships
35:12 Imperial Age
33:31 Wheelbarrow
33:32 Stone Mining
36:18 Elite Conquistador
37:15 Husbandry
37:49 Bloodlines
42:09 Hoardings
Sir-Jupiter
11:46 Loom
15:47 Feudal Age
17:25 Double-Bit Axe
20:24 Castle Age
20:10 Wheelbarrow
19:30 Gold Mining
21:14 Bow Saw
33:50 Imperial Age
32:15 Hand Cart
33:41 Scale Barding Armor
33:57 Husbandry
34:09 Forging
35:14 Conscription
35:12 Man-at-Arms
36:53 Gold Shaft Mining
36:09 Stone Mining
36:10 Fletching
37:14 Bodkin Arrow
37:46 Padded Archer Armor
37:33 Cavalier
40:00 #83
40:17 Hoardings
41:08 Iron Casting
40:49 Leather Archer Armor
42:34 Ballistics
43:15 Blast Furnace
44:12 Chain Barding Armor
43:28 Paladin
46:35 Chemistry
河北彩花
4:27 Loom
15:29 Feudal Age
15:53 Man-at-Arms
17:33 Wheelbarrow
17:54 Double-Bit Axe
24:31 Castle Age
24:05 Stone Mining
26:36 Pikeman
34:58 Town Watch
40:08 Fishing Lines
1s3m
3:40 Loom
15:29 Feudal Age
20:41 Castle Age
19:46 Double-Bit Axe
22:46 Fervor
23:22 Bow Saw
27:24 Squires
28:23 Pikeman
30:55 Scale Mail Armor
30:52 Man-at-Arms
32:11 Long Swordsman
36:08 Horse Collar
37:25 Arson
40:16 Imperial Age
38:23 Wheelbarrow
37:56 Heavy Plow
39:47 Forging
39:52 Chain Mail Armor
39:29 Fletching
39:39 Padded Archer Armor
40:29 Halberdier
40:30 Two-Handed Swordsman
41:33 Conscription
42:29 Chemistry
41:52 Masonry
42:03 Hussite Reforms
43:06 Plate Mail Armor
45:23 Hand Cart
本絞りレモン果汁12%
10:49 Loom
14:35 Feudal Age
18:29 Castle Age
16:53 Double-Bit Axe
18:09 Fishing Lines
19:17 Wheelbarrow
28:38 Elite Skirmisher
37:30 Medium Warships
39:02 Hand Cart
40:04 Stone Mining
40:05 Gold Mining
DANSLESBOULES
7:59 Loom
15:04 Feudal Age
16:14 Double-Bit Axe
19:58 Castle Age
18:52 Fletching
19:04 Fishing Lines
20:43 Bodkin Arrow
21:16 Medium Warships
22:22 Bow Saw
23:17 Gillnets
24:42 Wheelbarrow
27:04 Gold Mining
28:21 Forging
29:48 Hand Cart
32:37 Bimaristan
35:04 Imperial Age
32:58 Ballistics
33:58 Gold Shaft Mining
33:15 Stone Mining
34:41 Town Watch
35:36 Iron Casting
35:53 Scale Barding Armor
37:11 Chemistry
37:39 Blast Furnace
37:12 Town Patrol
38:00 Chain Barding Armor
37:39 Crossbowman
38:49 Conscription
38:36 Thumb Ring
40:03 Arbalester
41:57 Plate Barding Armor
41:22 Bracer
41:59 Plate Barding Armor
42:01 Padded Archer Armor
Connection lost

Rejoining the realm…

Still unreachable

The connection could not be restored.

Session expired

The server has moved on; the page needs a fresh start.